 Dungeon Crawl Stone Soup version 0.25.1-2-g60ff931df9 (webtiles) character file.

Game seed: 13181874197201437379

137638 Johnny the Earth Mage (level 17, -12/101 HPs)
             Began as a Human Earth Elementalist on Aug 12, 2020.
             Was the Champion of Okawaru.
             Mangled by a deep elf blademaster
             ... wielding a +0 rapier
              (14 damage)
             ... on level 3 of the Elven Halls.
             The game lasted 00:58:16 (34527 turns).

Johnny the Earth Mage (Human Earth Elementalist)   Turns: 34527, Time: 00:58:16

Health: -12/101    AC: 20    Str: 12    XL:     17   Next: 83%
Magic:  29/39      EV: 16    Int: 22    God:    Okawaru [******]
Gold:   4521       SH: 13    Dex: 16    Spells: 39/52 levels left

rFire    + . .     SeeInvis +   F - staff of earth
rCold    + . .     Gourm    .   S - +2 buckler {AC+3}
rNeg     . . .     Faith    .   a - +4 troll leather armour
rPois    .         Spirit   .   s - +1 helmet {SInv}
rElec    +         Reflect  +   w - scarf {rC+ rF+}
rCorr    .         Harm     .   V - +2 pair of gloves {Str+3}
MR       +....                  (no boots)
Stlth    ++........             c - amulet "Pesis" {Reflect rElec SH+5 SInv}
HPRegen  0.66/turn              h - +4 ring of protection
MPRegen  0.26/turn              G - +4 ring of evasion

@: about to teleport, hasted, very quick
A: agile 1, wild magic 1
a: Heroism, Finesse, Renounce Religion


You were on level 3 of the Elven Halls.
You worshipped Okawaru.
Okawaru was exalted by your worship.
You were full.

You visited 5 branches of the dungeon, and saw 25 of its levels.
You also visited: Ossuary and Ice Cave.

You collected 6617 gold pieces.
You spent 2096 gold pieces at shops.

Inventory:

Hand Weapons
 R - the +8 long sword "Kujesad" {drain, rC+ Dex+2}
   (You took it off an orc on level 11 of the Dungeon)

   A truly terrible weapon, it drains the life of those it strikes.
   It affects your dexterity (+2).
   It protects you from cold.
Missiles
 b - 86 stones (quivered)
 T - 4 throwing nets
Armour
 a - a +4 troll leather armour (worn)
 j - a +1 kite shield of fire resistance
 o - the +3 scale mail "Paraytio" {*Drain Str-2 Int+8 Dex+2}
   (You took it off an orc on level 10 of the Dungeon)

   It affects your strength (-2).
   It affects your intelligence (+8).
   It affects your dexterity (+2).
   It causes draining when unequipped.
 s - a +1 helmet of see invisible (worn)
 w - a scarf of resistance (worn)
 S - a +2 buckler of protection (worn)
 V - a +2 pair of gloves of strength (worn)
Magical Staves
 F - an uncursed staff of earth (weapon)
Jewellery
 c - the amulet "Pesis" (around neck) {Reflect rElec SH+5 SInv}
   (You bought it in a shop on level 10 of the Dungeon)

   [amulet of reflection]

   It shields you and reflects attacks.
   It insulates you from electricity.
   It lets you see invisible.
   It affects your SH (+5).
 h - a +4 ring of protection (left hand)
 i - an uncursed ring of wizardry
 p - an uncursed ring of protection from magic
 G - a +4 ring of evasion (right hand)
 N - an uncursed ring of protection from magic
 Z - an uncursed amulet of regeneration
Wands
 f - a wand of polymorph (5)
 L - a wand of disintegration (31)
Scrolls
 e - 6 scrolls of remove curse
 g - 5 scrolls of amnesia
 k - 3 scrolls of noise
 l - 2 scrolls of fog
 q - 11 scrolls of teleportation
 u - a scroll of torment
 x - 2 scrolls of immolation
 y - 2 scrolls of magic mapping
 O - 2 scrolls of vulnerability
Potions
 m - 2 potions of ambrosia
 n - 2 potions of heal wounds
 r - 6 potions of haste
 t - a potion of magic {unknown}
 v - 2 potions of flight
 z - 3 potions of brilliance
 A - 4 potions of degeneration
 B - 2 potions of berserk rage
 D - 7 potions of curing
 E - a potion of invisibility
 H - 4 potions of lignification
 I - 3 potions of might
 J - a potion of resistance {unknown}
 U - 3 potions of cancellation
Miscellaneous
 K - 2 phantom mirrors
 M - a tin of tremorstones (3/3)
Comestibles
 d - 34 rations


   Skills:
 - Level 2.0 Dodging
 - Level 2.0 Stealth
 - Level 5.7 Shields
 + Level 18.4 Spellcasting
 - Level 1.0 Transmutations
 + Level 19.9 Earth Magic


You had 39 spell levels left.
You knew the following spells:

 Your Spells              Type           Power        Failure   Level  Hunger
a - Sandblast             Erth           ######       1%          1    None
b - Stone Arrow           Conj/Erth      ######       1%          3    None
c - Lee's Rapid Deconstr  Erth           ########..   1%          5    None
d - Petrify               Tmut/Erth      #######.     1%          4    None

Your spell library contained the following spells:

 Spells                   Type           Power        Failure   Level  Hunger
 Passwall                 Tmut/Erth      #######.     1%          2    None
 Animate Skeleton         Necr           N/A          5%          1    None
 Corona                   Hex            ####...      5%          1    None
 Magic Dart               Conj           ####         5%          1    None
 Pain                     Necr           ####         5%          1    None
 Shock                    Conj/Air       ####         5%          1    None
 Blink                    Tloc           N/A          8%          2    None
 Corpse Rot               Necr/Air       N/A          8%          2    None
 Ensorcelled Hibernation  Hex/Ice        ####..       8%          2    None
 Searing Ray              Conj           ####..       8%          2    None
 Shroud of Golubria       Chrm/Tloc      ####..       8%          2    None
 Sublimation of Blood     Necr           ####......   8%          2    None
 Swiftness                Chrm/Air       ####....     8%          2    None
 Bolt of Magma            Conj/Fire/Erth #######...   10%         5    None
 Iron Shot                Conj/Erth      #######...   13%         6    ####...
 Confusing Touch          Hex            ####....     14%         3    None
 Dazzling Flash           Conj/Hex       ####..       14%         3    None
 Gell's Gravitas          Tloc           ####......   14%         3    None
 Lesser Beckoning         Tloc           ####......   14%         3    None
 Recall                   Summ/Tloc      N/A          14%         3    None
 Teleport Other           Tloc           ####....     14%         3    None
 Tukima's Dance           Hex            ####....     14%         3    None
 Vampiric Draining        Necr           ####......   14%         3    None
 Animate Dead             Necr           N/A          41%         4    None
 Fulminant Prism          Conj/Hex       ####......   41%         4    None
 Iskenderun's Mystic Bla  Conj/Tloc      ####....     41%         4    None
 Passage of Golubria      Tloc           N/A          41%         4    None
 Agony                    Necr           ####....     73%         5    None
 Iskenderun's Battlesphe  Conj/Chrm      ####....     73%         5    None
 Summon Forest            Summ/Tloc      ####......   73%         5    None
 Orb of Destruction       Conj           ####......   100%        7    #####..
 Spellforged Servitor     Conj/Summ      ####......   100%        7    #####..


Dungeon Overview and Level Annotations

Branches:
Dungeon (15/15)            Temple (1/1) D:7            Lair (4/6) D:10
  Swamp (0/4) Lair:4        Snake (0/4) Lair:4          Orc (2/2) D:11
    Elf (3/3) Orc:2        Vaults (0/5) D:14        Ossuary (visited)
  IceCv (visited)
 Depths: D:15

Altars:
Ashenzari
Cheibriados
Dithmenos
Elyvilon
Fedhas
Gozag
Hepliaklqana
Kikubaaqudgha
Makhleb
Nemelex Xobeh
Okawaru
Qazlal
Ru
Sif Muna
Trog
Uskayaw
Vehumet
Wu Jian
Xom
Yredelemnul
Zin
The Shining One

Shops:
D:5 *   D:6 *   D:7 (   D:10 *?=   D:13 ?   Orc:2 }*}:

Portals:
Trove: D:13 (give +6 demon blade)


Innate Abilities, Weirdness & Mutations

You are agile. (Dex +2)
Your spells are a little harder to cast, but a little more powerful.


Message History

Okay, then.
Evoke which item? (* to show all) (? for menu, Esc to quit)
Okay, then.
The deep elf blademaster hits you with a +0 rapier!
The deep elf blademaster hits you with a +0 rapier!!
* * * LOW HITPOINT WARNING * * *
Unknown command.
Okay, then.
You feel yourself speed up.
The deep elf blademaster completely misses you.
The deep elf blademaster hits you but does no damage.
There is an escape hatch in the ceiling here.
The deep elf blademaster closely misses you.
The deep elf blademaster hits you with a +0 rapier!!
* * * LOW HITPOINT WARNING * * *
There is an open door, spattered with blood here.
As you read the scroll of teleportation, it crumbles to dust.
You feel strangely unstable.
The deep elf blademaster hits you with a +0 rapier!
You die...

.##.##..........#[........##.....
+##.###........##.........#......
..#.# #+#####++##<...............
..#.# #.# #..##................
..#.# #.# #..##................
..#.###.# #..##.........#.....#
..'...#.# #..##.[.......##...##
..'...#.#####..##e........#......
..#.............@................
.####.........###.....)..........
## ########### ##...............
# ##..............
##............# ##..........##
############


You could see a deep elf blademaster.

Vanquished Creatures
  Nikola (Elf:2)
  A deep elf blademaster (Elf:2)
  A deep elf sorcerer (Elf:3)
  Louise (Elf:2)
  A deep elf elementalist (Elf:3)
  6 deep elf annihilators
  2 deep elf demonologists (Elf:3)
  3 deep elf death magi
  Harold (D:14)
  4 hydras
  8 vault guards (D:14)
  A centaur warrior (D:8)
  7 two-headed ogres
  A tengu warrior (D:11)
  Urug (Lair:2)
  31 dancing weapons
  An orc high priest (Orc:2)
  4 slime creatures
  Sonja (Lair:3)
  15 deep elf knights
  A hell knight (D:14)
  6 unseen horrors
  3 orc knights
  9 deep elf archers
  A wolf spider zombie (D:14)
  3 necromancers
  2 ugly things
  5 orc sorcerers
  4 cyclopes
  56 deep elf magi
  A manticore (D:14)
  2 black mambas
  3 centaur zombies
  2 ice statues (IceCv)
  7 spiny frogs
  2 gargoyles (D:14)
  Maggie (D:10)
  6 komodo dragons
  An efreet (D:13)
  2 rime drakes
  A demonic crawler (Orc:2)
  2 kobold demonologists
  7 ice devils (IceCv)
  8 trolls
  2 tengu conjurers
  2 hornets
  A polar bear (Lair:2)
  2 hippogriffs (D:11)
  4 blink frogs (Lair:3)
  A meliai zombie (D:13)
  A large abomination (Elf:1)
  2 shadows
  5 air elementals
  27 yaks
  5 wyverns
  7 water elementals
  2 basilisks
  3 fire elementals
  A basilisk (shapeshifter) (D:13)
  A vampire mosquito (D:15)
  3 hungry ghosts
  7 insubstantial wisps (Lair:4)
  An acid dragon (D:11)
  A soldier ant (D:11)
  2 hell hounds (Orc:1)
  7 water moccasins
  9 porcupines
  3 sky beasts
  19 orc warriors
  9 ice beasts
  2 eyes of draining (D:14)
  4 phantoms
  An elephant zombie (Lair:4)
  11 ogres
  A hornet zombie (D:5)
  A necrophage (D:11)
  5 centaurs
  3 wolves (D:10)
  2 elf zombies (Elf:1)
  4 crocodiles
  A komodo dragon zombie (Lair:4)
  A big kobold (D:11)
  16 bullfrogs
  A gnoll sergeant (D:10)
  2 earth elementals
  A wyvern skeleton (D:12)
  9 scorpions
  9 killer bees
  8 wights
  4 howler monkeys
  7 electric eels
  3 crimson imps
  3 bullfrog skeletons
  3 human zombies (Ossuary)
  2 centaur skeletons
  9 hounds
  5 jellies
  20 orc priests
  Crazy Yiuf (D:7)
  2 iguanas
  36 orc wizards
  15 worker ants
  2 big kobold zombies (Ossuary)
  A crocodile zombie (Lair:4)
  A hound zombie (D:9)
  3 mummies (Ossuary)
  A howler monkey zombie (D:5)
  7 gnolls
  A howler monkey skeleton (D:4)
  5 scorpion zombies (Ossuary)
  17 adders
  2 shadow imps
  8 white imps (IceCv)
  5 ufetubi (IceCv)
  3 oozes
  An adder skeleton (D:5)
  A worm (D:2)
  5 leopard geckos
  59 orcs
  A ball python (D:4)
  6 giant cockroaches
  3 goblins
  10 hobgoblins
  3 jackals (D:5)
  8 kobolds
  12 quokkas
  6 bats
  7 frilled lizards
  A giant cockroach zombie (D:5)
  2 gnoll zombies (Ossuary)
  4 hobgoblin zombies (Ossuary)
  2 jackal zombies
  A kobold zombie (Ossuary)
  2 orc zombies (Ossuary)
  A quokka zombie (D:9)
  6 rats
  3 fungi
745 creatures vanquished.

Vanquished Creatures (others)
  A reaper (IceCv)
  A scorpion (Ossuary)
  An orc priest (Orc:2)
  An orc wizard (D:9)
  An adder (D:9)
  4 white imps (IceCv)
  4 ufetubi (IceCv)
  An orc zombie (Ossuary)
  A fungus (Lair:3)
  2 plants
17 creatures vanquished.

Grand Total: 762 creatures vanquished

Notes
Turn   | Place    | Note
-------+----------+-------------------------------------------
     0 | D:1      | Johnny the Human Earth Elementalist began the quest for the
                  | Orb.
     0 | D:1      | Reached XP level 1. HP: 13/13 MP: 3/3
   491 | D:1      | Reached XP level 2. HP: 19/19 MP: 3/5
  1439 | D:2      | Reached XP level 3. HP: 24/24 MP: 3/6
  1504 | D:2      | Learned a level 3 spell: Stone Arrow
  2533 | D:3      | Reached XP level 4. HP: 30/30 MP: 6/8
  2919 | D:3      | Reached skill level 4 in Earth Magic
  3402 | D:4      | Noticed a phantom
  3420 | D:4      | Killed a phantom
  3420 | D:4      | Reached XP level 5. HP: 29/35 MP: 2/10
  3513 | D:4      | Noticed an ogre
  3521 | D:4      | Killed an ogre
  3521 | D:4      | Reached skill level 5 in Earth Magic
  3521 | D:4      | Reached XP level 6. HP: 25/41 MP: 5/12
  3643 | D:4      | Noticed an ogre
  3649 | D:4      | Killed an ogre
  3850 | D:4      | Reached XP level 7. HP: 38/46 MP: 6/13
  4491 | D:3      | Found a shattered altar of Ashenzari.
  4524 | D:5      | Entered Level 5 of the Dungeon
  4595 | D:5      | Reached skill level 5 in Spellcasting
  4765 | D:5      | Reached skill level 6 in Earth Magic
  4833 | D:5      | Learned a level 5 spell: Lee's Rapid Deconstruction
  4838 | D:5      | Learned a level 4 spell: Petrify
  5215 | D:5      | Got a twisted rapier
  5216 | D:5      | Identified the +3 rapier "Icsoj" {venom, *Rage Str+5 Dex+2}
                  | (You found it on level 5 of the Dungeon)
  5276 | D:5      | Gained mutation: Armour fits poorly on your strangely
                  | shaped body. [potion of mutation]
  5276 | D:5      | Gained mutation: You possess an exceptional clarity of
                  | mind. [potion of mutation]
  5276 | D:5      | HP: 1/46 [centaur (9)]
  5342 | D:5      | Lost mutation: Armour fits poorly on your strangely shaped
                  | body. [potion of mutation]
  5342 | D:5      | Lost mutation: You possess an exceptional clarity of mind.
                  | [potion of mutation]
  5342 | D:5      | Gained mutation: You are agile. (Dex +2) [potion of
                  | mutation]
  5342 | D:5      | Gained mutation: Your spells are a little harder to cast,
                  | but a little more powerful. [potion of mutation]
  5511 | D:5      | Found Daiho Qile's Assorted Antiques.
  5513 | D:5      | Found a bloodstained altar of Trog.
  5628 | D:5      | Reached XP level 8. HP: 29/52 MP: 14/16
  5854 | D:5      | Found a blossoming altar of Fedhas.
  6224 | D:6      | Found Gozag's Platinum Reserve.
  6225 | D:6      | Found an opulent altar of Gozag.
  6249 | D:6      | Reached skill level 7 in Earth Magic
  6259 | D:6      | Found a glowing silver altar of Zin.
  7462 | D:7      | Found a staircase to the Ecumenical Temple.
  7543 | D:7      | Reached skill level 8 in Earth Magic
  7543 | D:7      | Reached XP level 9. HP: 57/57 MP: 17/19
  7771 | D:7      | Found a stormy altar of Qazlal.
  7771 | D:7      | Found a radiant altar of Vehumet.
  7772 | D:7      | Found a shadowy altar of Dithmenos.
  7793 | D:7      | Found Taato's Weapon Shop.
  7800 | D:7      | Bought 17 stones for 18 gold pieces
  8296 | D:7      | Found a runed translucent door.
  8297 | D:7      | Noticed Crazy Yiuf
  8301 | D:7      | Killed Crazy Yiuf
  8366 | Temple   | Entered the Ecumenical Temple
  8427 | Temple   | Became a worshipper of Warmaster Okawaru
  8578 | D:8      | Noticed a centaur warrior
  8591 | D:8      | Killed a centaur warrior
  8591 | D:8      | Reached * piety under Okawaru
  8591 | D:8      | Reached skill level 9 in Earth Magic
  8695 | D:8      | Found a sand-covered staircase.
  8699 | Ossuary  | Entered an ossuary
  9154 | Ossuary  | Reached XP level 10. HP: 63/63 MP: 4/22
  9677 | Ossuary  | Reached skill level 10 in Earth Magic
 10370 | D:8      | Reached ** piety under Okawaru
 11306 | D:9      | Noticed a two-headed ogre
 11326 | D:9      | Killed a two-headed ogre
 11326 | D:9      | Reached *** piety under Okawaru
 11715 | D:9      | Reached skill level 10 in Spellcasting
 11715 | D:9      | Reached skill level 11 in Earth Magic
 12052 | D:9      | Found a sparkling altar of Nemelex Xobeh.
 12687 | D:10     | Entered Level 10 of the Dungeon
 12692 | D:10     | Reached XP level 11. HP: 34/68 MP: 21/25
 12903 | D:10     | Killed an unseen horror
 12903 | D:10     | Reached **** piety under Okawaru
 12973 | D:10     | Noticed a two-headed ogre
 12984 | D:10     | Killed a two-headed ogre
 12984 | D:10     | Received a gift from Okawaru
 13008 | D:10     | Reached skill level 12 in Earth Magic
 13178 | D:10     | Found a staircase to the Lair.
 13186 | D:10     | Reached ***** piety under Okawaru
 13189 | D:10     | Identified the +3 scale mail "Paraytio" {*Drain Str-2 Int+8
                  | Dex+2}
 13327 | D:10     | Noticed a two-headed ogre
 13335 | D:10     | Killed a two-headed ogre
 13479 | D:10     | Found Mulirin's Jewellery Shoppe.
 13510 | D:10     | Noticed Maggie
 13516 | D:10     | Killed Maggie
 14051 | D:10     | Found Otau's Magic Scroll Emporium.
 14054 | D:10     | Bought a scroll of identify for 26 gold pieces
 14086 | D:10     | Found Zigaiguo's Assorted Antiques.
 14091 | D:10     | Bought a scroll of identify for 70 gold pieces
 14091 | D:10     | Bought a clouded pewter amulet for 175 gold pieces
 14092 | D:10     | Identified the amulet of Kuar {Reflect Fragile rElec rC-
                  | rN+ Dex+7 SH+5} (You bought it in a shop on level 10 of the
                  | Dungeon)
 14286 | D:11     | Killed an unseen horror
 14286 | D:11     | Received a gift from Okawaru
 14806 | D:11     | Identified the Incunabulum of Cloudy Dislocation
 14819 | D:11     | Identified the +8 long sword "Kujesad" {drain, rC+ Dex+2}
 14839 | D:11     | Killed an unseen horror
 15021 | D:11     | Reached XP level 12. HP: 74/74 MP: 16/27
 15172 | D:11     | Noticed a tengu warrior
 15179 | D:11     | Killed a tengu warrior
 15179 | D:11     | Reached skill level 13 in Earth Magic
 15227 | D:11     | Killed an unseen horror
 15286 | D:11     | Reached skill level 1 in Shields
 15439 | D:11     | Found a staircase to the Orcish Mines.
 15692 | D:11     | Received a gift from Okawaru
 16923 | Orc:1    | Entered Level 1 of the Orcish Mines
 17132 | Orc:2    | Entered Level 2 of the Orcish Mines
 17155 | Orc:2    | Noticed an orc high priest
 17158 | Orc:2    | Killed an orc high priest
 17349 | Orc:2    | Reached XP level 13. HP: 79/79 MP: 29/29
 17419 | Orc:1    | Reached skill level 14 in Earth Magic
 17458 | Orc:2    | Reached skill level 5 in Shields
 17600 | Orc:2    | Received a gift from Okawaru
 17611 | Orc:2    | Noticed Azrael
 18113 | D:13     | Found a portal to a secret trove of treasure.
 18122 | D:13     | Got a bronze leather armour
 18137 | D:13     | Identified the +3 leather armour of Tender Moments {Stlth+}
                  | (You found it on level 13 of the Dungeon)
 18552 | D:13     | Found Taqoime's Magic Scroll Boutique.
 18566 | D:13     | Bought a scroll of identify for 28 gold pieces
 18566 | D:13     | Bought a scroll of identify for 28 gold pieces
 18707 | D:13     | Noticed a seven-headed hydra
 18710 | D:13     | Killed a seven-headed hydra
 19081 | D:13     | Received a gift from Okawaru
 19877 | D:14     | Noticed Harold
 19896 | D:14     | Killed Harold
 20061 | D:14     | Reached skill level 15 in Earth Magic
 20564 | D:14     | Reached ****** piety under Okawaru
 20640 | D:14     | Noticed a vault guard
 20651 | D:14     | Reached XP level 14. HP: 85/85 MP: 5/32
 20677 | D:14     | Received a gift from Okawaru
 21056 | D:14     | Found a gate to the Vaults.
 21604 | D:14     | Reached skill level 16 in Earth Magic
 21913 | D:15     | Entered Level 15 of the Dungeon
 22328 | Lair:1   | Entered Level 1 of the Lair of Beasts
 23159 | Lair:2   | Noticed Urug
 23169 | Lair:2   | Killed Urug
 23169 | Lair:2   | Reached skill level 15 in Spellcasting
 23562 | Lair:2   | Received a gift from Okawaru
 24201 | Lair:3   | Got a coiled ruby amulet
 24290 | Lair:3   | Found a frozen archway.
 24299 | IceCv    | Entered an ice cave
 24534 | IceCv    | Received a gift from Okawaru
 24623 | IceCv    | Killed a reaper
 24673 | IceCv    | Reached XP level 15. HP: 90/90 MP: 18/34
 24682 | IceCv    | Identified the amulet "Zoipt" {Inacc Fragile +Fly Int-2
                  | Dex+5} (You found it on level 3 of the Lair of Beasts)
 26216 | Lair:3   | Noticed Sonja
 26222 | Lair:3   | Killed Sonja
 26714 | Lair:4   | Reached skill level 17 in Earth Magic
 27068 | Lair:4   | Found an ancient bone altar of Kikubaaqudgha.
 27135 | Lair:4   | Found a staircase to the Swamp.
 27480 | Lair:4   | Found a staircase to the Snake Pit.
 27766 | D:10     | Bought a runed robe for 129 gold pieces
 27766 | D:10     | Bought an encrusted leather armour for 245 gold pieces
 27786 | D:10     | Identified the cursed +0 leather armour of the Other Side
                  | {rElec MR+ Str-4} (You bought it in a shop on level 10 of
                  | the Dungeon)
 27903 | Orc:2    | Found a staircase to the Elven Halls.
 27994 | Orc:2    | Noticed Azrael
 27994 | Orc:2    | Azrael changed into Azrael the demonic crawler
 28006 | Orc:2    | Killed Azrael the demonic crawler
 28194 | Orc:2    | Paralysed by an orc sorcerer for 4 turns
 28731 | Orc:2    | Found Zesibots's Book Shoppe.
 28731 | Orc:2    | Found Riczist's Gadget Shoppe.
 28732 | Orc:2    | Found Selaijitt's Gadget Emporium.
 28735 | Orc:2    | Found Hiryts's General Store.
 28741 | Orc:2    | Bought a scarf of resistance for 576 gold pieces
 29323 | Elf:1    | Entered Level 1 of the Elven Halls
 29339 | Elf:1    | Received a gift from Okawaru
 29669 | D:10     | Bought a scroll of identify for 26 gold pieces
 29669 | D:10     | Bought a scroll of identify for 26 gold pieces
 29669 | D:10     | Bought a scroll of identify for 26 gold pieces
 29669 | D:10     | Identified a scroll of acquirement
 29674 | D:10     | Acquired 4140 gold pieces
 29716 | D:10     | Bought the amulet "Pesis" {Reflect rElec SH+5 SInv} for 723
                  | gold pieces
 30207 | Elf:1    | Reached XP level 16. HP: 64/96 MP: 16/36
 30366 | Elf:1    | Reached skill level 18 in Earth Magic
 30862 | Elf:1    | Received a gift from Okawaru
 31037 | Elf:1    | Identified the Almanac of Dark Secrets
 31744 | Elf:2    | Noticed Louise
 31747 | Elf:2    | Killed Louise
 32203 | Elf:2    | Noticed Nikola
 32209 | Elf:2    | Killed Nikola
 32373 | Elf:2    | Reached skill level 19 in Earth Magic
 32430 | Elf:2    | Received a gift from Okawaru
 32527 | Elf:2    | Reached XP level 17. HP: 101/101 MP: 27/38
 32625 | Elf:2    | Found a runed translucent gate.
 32625 | Elf:2    | Found a runed translucent gate.
 32625 | Elf:2    | Found a runed translucent gate.
 32923 | Elf:2    | Noticed a deep elf blademaster
 32928 | Elf:2    | Killed a deep elf blademaster
 33757 | Elf:3    | Entered Level 3 of the Elven Halls
 34325 | Elf:3    | Received a gift from Okawaru
 34325 | Elf:3    | Noticed a deep elf master archer
 34327 | Elf:3    | Noticed a deep elf blademaster
 34526 | Elf:3    | HP: 2/101 [deep elf blademaster/+0 rapier (21)]
 34527 | Elf:3    | Mangled by a deep elf blademaster

Illustrated notes

Levels and vault maps discovered:
D:1:      scummos_arrival_simple_crosswalls, layout_basic,
          chequers_serial_rivers_micro_d
D:2:      layout_loops_ring, first_ration, minivault_5
D:3:      lemuel_upstairs_altar, layout_basic, serial_corexii_hall,
          corexii_hall_statues_x, corexii_hall_statues_i, nrook_mini_vaults,
          minmay_misc_feat_hallway, minmay_misc_feat_four_crosses
D:4:      layout_rooms
D:5:      layout_loops_ring, fedhas_altar_fruit_tree, serial_shops,
          nicolae_shop_crystal, trog_butcher_becter
D:6:      layout_loops_ring, nicolae_gozag_zags_fifth_avenue, kennysheep_mini,
          minmay_fountain_box
D:7:      layout_gridville, gammafunk_temple_overflow_claw, temple_green,
          serial_shops, shop, uniq_crazy_yiuf_cottage
D:8:      layout_basic, nicolae_ossuary_entry_plus, grunt_ogre_cave,
          minmay_misc_feat_diagonals, hangedman_abyss_or_decor_clamps
D:9:      layout_irregular_city, lemuel_coloured_pillars_altar,
          serial_column_ruins, column_ruins_grid_5,
          column_ruins_corridor_corner, column_ruins_open_tiny,
          column_ruins_columns_corner, column_ruins_open_small,
          column_ruins_corridor_straight, lemuel_old_faithful
D:10:     layout_roguey, erik_lair_island, serial_shops, shop,
          nicolae_shop_behind_doors, kennysheep_little_box, grunt_decor_cap,
          serial_bayou_pond_b, uniq_maggie
D:11:     hangedman_cross_veins, layout_loops_cross, orc_0_dummy
D:12:     layout_rooms
D:13:     layout_irregular_city, serial_shops, shop,
          nicolae_trove_entry_free_sample, minmay_misc_feat_plants
D:14:     layout_roguey, erik_vaults_2, minmay_staircase_windowed_small,
          sword_in_stone
D:15:     grunt_enter_depths_hoard, layout_rooms, serial_park_tiny_2,
          trog_wizard
Temple:   eino_wide_crystal_templ
Lair:1:   layout_loops_ring, serial_bayou_lagoon_a, lemuel_fruit_tree
Lair:2:   layout_long_grid, serial_bayou_lagoon_b, serial_bayou_shore_b,
          uniq_urug
Lair:3:   layout_regular_city, portal_ice_cave_entry_ice_beasts, uniq_sonja
Lair:4:   pond_and_an_island_with_a_cottage, layout_regular_city,
          minmay_swamp_entry_wisps, dummy_snake_entry, basic_altar
Orc:1:    layout_diamond_mine
Orc:2:    st_orc_mages, layout_caves, nicolae_orc_tapped_out, uniq_azrael
Elf:1:    minmay_elf_arrival_plus, layout_loops_cross, minmay_elf_necromancy,
          st_stairs_4
Elf:2:    layout_loops_cross, kilobyte_mutagenic_chamber, uniq_nikola,
          uniq_louise
Elf:3:    minmay_elf_hall_furrowed, layout_gridlike, grunt_megastairs_5

Skill      XL: |  1  2  3  4  5  6  7  8  9 10 11 12 13 14 15 16 17 |
---------------+----------------------------------------------------+-----
Spellcasting   | 3 4 5 7 8 10 11 12 14 15 16 17 18 | 18.4
Earth Magic    | 4 5 6 8 9 11 12 13 15 16 17 19 | 19.9
Shields        | 4 5 |  5.7
Dodging        | |  2.0
Stealth        | |  2.0
Transmutations | |  1.0

Action                   |  1- 3 |  4- 6 |  7- 9 | 10-12 | 13-15 | 16-18 || total
-------------------------+-------+-------+-------+-------+-------+-------++-------
Melee: Unarmed           |    60 |       |       |       |       |       ||    60
       Short sword       |    13 |    43 |     3 |       |       |       ||    59
       Dagger            |       |       |   223 |   224 |       |       ||   447
       Rapier            |       |       |     4 |       |       |       ||     4
       Long sword        |       |       |       |    67 |   469 |       ||   536
       Staff             |       |       |       |       |    36 |    23 ||    59
Throw: Stone             |       |       |       |       |       |     1 ||     1
 Cast: Sandblast         |    41 |    30 |    54 |    86 |   104 |    58 ||   373
       Stone Arrow       |       |       |    33 |   100 |   148 |    36 ||   317
       Lee's Rapid Decon |       |       |     3 |    56 |   152 |   109 ||   320
       Petrify           |       |       |       |     6 |    23 |       ||    29
Evoke: Wand              |       |       |     9 |    23 |    18 |       ||    50
       Tin of tremorston |       |       |       |     3 |     3 |     1 ||     7
  Use: Scroll            |       |       |    10 |    14 |    21 |     6 ||    51
       Potion            |       |       |     7 |       |     2 |     1 ||    10
 Stab: Sleeping          |     1 |     1 |     4 |     3 |     9 |       ||    18
       Distracted        |       |       |       |     2 |       |       ||     2
       Petrified         |       |       |       |     2 |     9 |       ||    11
       Petrifying        |       |       |       |       |     2 |       ||     2
  Eat: Chunk             |     5 |     4 |    13 |    26 |    30 |    12 ||    90
       Ration            |       |       |     1 |     4 |     8 |     2 ||    15
Armor: Robe              |    45 |    17 |   108 |    35 |    29 |       ||   234
       Troll leather arm |       |       |       |    83 |   201 |    32 ||   316
Dodge: Dodged            |    63 |    44 |   168 |   327 |   396 |    47 ||  1045
Block: Other             |       |       |       |    27 |       |       ||    27
       Reflection        |       |       |       |     4 |     6 |     6 ||    16
       Buckler           |       |       |       |    74 |   518 |    61 ||   653
       Rpst.: Long sword |       |       |       |    19 |   104 |       ||   123
